 Dungeon Crawl Stone Soup version 0.19-a0-1007-g133f65f (webtiles) character file.

51224 Gruud the Bludgeoner (level 14, 0/157 HPs)
             Began as an Ogre Assassin on July 20, 2016.
             Was a Follower of Uskayaw.
             Slain by a freezing wraith (1 damage)
             ... led by a death knight
             ... on level 11 of the Dungeon.
             The game lasted 02:05:54 (21365 turns).

Gruud the Bludgeoner (Ogre Assassin)               Turns: 21365, Time: 02:05:56

Health: 0/157      AC: 23    Str: 19    XL:     14   Next: 58%
Magic:  21/21      EV:  9    Int: 10    God:    Uskayaw [*.....]
Gold:   172        SH:  0    Dex: 15    Spells: 5 memorised, 2 levels left

rFire  x . .     SeeInvis +     a - +5 giant spiked club
rCold  + + .     Gourm    .     M - +8 ice dragon armour
rNeg   . . .     Faith    .     (shield currently unavailable)
rPois  +         Spirit   .     R - +2 hat {SInv}
rElec  .         Dismiss  .     o - +2 cloak
rCorr  .         Reflect  .     (gloves unavailable)
SustAt .         Harm     .     (boots unavailable)
MR     +....                    (no amulet)
Stlth  ..........               V - ring of poison resistance
                                c - ring of flight

@: somewhat resistant to hostile enchantments, extremely unstealthy
A: unfitting armour, mutation resistance 1, tough skin 1
a: Stomp, Renounce Religion, Evoke Flight


You were on level 11 of the Dungeon.
You worshipped Uskayaw.
Uskayaw was aware of your devotion.
You were not hungry.

You visited 4 branches of the dungeon, and saw 21 of its levels.
You also visited: Labyrinth.

You collected 1088 gold pieces.
You spent 916 gold pieces at shops.

Inventory:

Hand Weapons
 a - a +5 giant spiked club (weapon)
 b - a +0 blowgun
 y - a +0 whip of electrocution
Missiles
 f - 91 poisoned needles
 D - 2 large rocks (quivered)
 P - a curare-tipped needle
 U - 7 tomahawks
Armour
 o - a +2 cloak (worn)
 u - a +1 robe of fire resistance
 C - a troll hide
 M - a +8 ice dragon armour (worn)
 R - a +2 hat of see invisible (worn)
Rods
 L - a +1 rod of inaccuracy (12/12)
   (You found it on level 8 of the Dungeon)
Jewellery
 c - a ring of flight (left hand)
 H - an uncursed ring of see invisible
 V - a ring of poison resistance (right hand)
Wands
 i - a wand of iceblast (5/15)
 k - a wand of acid (5/15)
 l - a wand of enslavement (11/24)
 n - a wand of disintegration (18/24)
 q - a wand of teleportation (9/9)
 t - a wand of iceblast (11/15)
 x - a wand of paralysis (8/24)
 G - a wand of acid (6/15)
 S - a wand of disintegration (0/24)
 X - a wand of digging (14/24)
 Y - a wand of acid (5/15)
Scrolls
 j - a scroll of summoning
 B - 3 scrolls of remove curse
 F - 5 scrolls of teleportation
 N - 2 scrolls of fog
 O - a scroll of fear
Potions
 d - 3 potions of resistance
 e - 6 potions of flight
 h - 3 potions of lignification
 m - 12 potions of curing
 s - a potion of cure mutation
 w - a potion of degeneration {unknown}
 A - 3 potions of agility
 E - 2 potions of brilliance
 K - 2 potions of ambrosia
 W - a potion of invisibility {unknown}
 Z - 2 potions of mutation
Books
 I - Odiu's Reference Book on Icy Displacement
   (You found it on level 6 of the Lair of Beasts)

   Spells                             Type                      Level
   a - Shroud of Golubria             Charms/Translocation         2
   b - Blink                          Translocation                2
   c - Ozocubu's Armour               Charms/Ice                   3
   d - Teleport Other                 Translocation                3
   e - Passage of Golubria            Translocation                4
   f - Simulacrum                     Ice/Necromancy               6
Miscellaneous
 T - a box of beasts
Comestibles
 g - 3 bread rations
 p - 10 chunks of flesh
 v - a beef jerky
 z - 3 fruits
 J - 7 meat rations
 Q - 7 royal jellies


   Skills:
 - Level 14.3 Fighting
   Level 1.2 Short Blades
 - Level 20.1 Maces & Flails
 - Level 10.3 Throwing
 * Level 1.6 Armour
 - Level 4.5 Dodging
 - Level 3.2 Stealth
 - Level 10.3 Invocations


You had 2 spell levels left.
You knew the following spells:

 Your Spells              Type           Power        Failure   Level  Hunger
a - Blink                 Tloc           N/A          99%         2    ###....
b - Passwall              Tmut/Erth      #.........   99%         2    ###....
c - Apportation           Tloc           #.........   97%         1    ##.....
d - Aura of Abjuration    Summ           #.........   100%        5    ######.
e - Summon Butterflies    Summ           #.......     97%         1    ##.....


Dungeon Overview and Level Annotations

Branches:
Dungeon (13/15)            Temple (1/1) D:7            Lair (6/6) D:10
 Shoals (0/4) Lair:4        Snake (0/4) Lair:4        Slime (0/5) Lair:6
    Orc (1/2) D:9
 Vaults: D:13-14

Altars:
Ashenzari
Cheibriados
Dithmenos
Elyvilon
Fedhas
Gozag
Hepliaklqana
Kikubaaqudgha
Makhleb
Nemelex Xobeh
Okawaru
Pakellas
Qazlal
Ru
Sif Muna
Trog
Uskayaw
Vehumet
Xom
Yredelemnul
Zin
The Shining One

Shops:
D:9 ?(!   D:11 }}?%(   D:12 ?%%}

Annotations:
Lair:6 exclusion: oklob plant


Innate Abilities, Weirdness & Mutations

You are too large for most types of armour.
You have tough skin. (AC +1)
You are somewhat resistant to further mutation.


Message History

* * * LOW HITPOINT WARNING * * *
The freezing wraith closely misses you.
You barely miss the freezing wraith.
The freezing wraith is lightly damaged.
The freezing wraith hits you!
* * * LOW HITPOINT WARNING * * *
The freezing wraith freezes you. You resist.
* * * LOW HITPOINT WARNING * * *
The freezing wraith hits you but does no damage.
Okay, then.
As you read the scroll of fear, it crumbles to dust.
You assume a fearsome visage.
The freezing wraith is unaffected.
As you read the scroll of fear, it crumbles to dust.
You assume a fearsome visage.
The freezing wraith is unaffected.
The freezing wraith hits you.
* * * LOW HITPOINT WARNING * * *
The freezing wraith freezes you! You resist.
* * * LOW HITPOINT WARNING * * *
The freezing wraith hits you.
You die...

#.....## #..##..### #
#..###...## # #..#
###..### # #..# ###..## #
#..# ##..### # #..#
###..## # #..# ##..###
### ##.@# ##...# #.#
###..W#### ###.. # #.#
#.....>..### ########. ##
#.#
##..........###.8..∩..8
.## #.#
#.............#.#######
#.###.# #...............#
### ##.##.#
#(......(.......# ##..
##.#.# ##...............#
#...
##.#####................#
##...


You could see a freezing wraith.

Vanquished Creatures
  Gastronok (D:10)
  6 dire elephants (Lair:6)
  A minotaur (Lab)
  Erolcha (D:9)
  5 hydras
  An anaconda (Lair:6)
  A catoblepas (Lair:5)
  Erica (D:11)
  A death knight (D:12)
  The ghost of happinesssam the Carver, a journeyman HESk of Uskayaw (Lair:1)
  4 hill giants
  2 ugly things
  2 griffons
  A cyclops (D:11)
  A manticore (D:10)
  3 black mambas (Lair:6)
  15 elephants
  11 spiny frogs
  A komodo dragon (shapeshifter) (D:11)
  6 komodo dragons
  2 rime drakes
  A minotaur zombie (Lab)
  3 trolls
  2 two-headed ogres
  Grinder (D:5)
  8 blink frogs (Lair:2)
  A wyvern (D:8)
  4 basilisks
  32 yaks
  6 hungry ghosts
  10 hippogriffs
  A naga (Lair:4)
  9 porcupines
  3 water moccasins
  Duvessa (D:4)
  4 ice beasts
  2 black bears
  3 orc warriors
  2 sky beasts
  A wasp (D:9)
  2 phantoms
  5 ogres
  9 centaurs
  12 crocodiles
  3 big kobolds
  19 giant frogs
  2 gnoll sergeants
  3 scorpions
  Dowan (D:4)
  6 killer bees (D:11)
  4 wights (D:11)
  9 howler monkeys
  7 crimson imps
  A giant frog zombie (D:9)
  A quasit (D:11)
  2 centaur zombies
  6 hounds
  4 jellies
  2 centaur skeletons
  7 orc priests
  A giant frog skeleton (D:6)
  13 iguanas
  11 orc wizards
  9 worker ants
  8 sheep (Lair:5)
  A hound zombie (D:5)
  3 hound skeletons
  10 adders
  15 gnolls
  2 howler monkey skeletons (D:4)
  60 river rats
  4 shadow imps
  6 oozes
  2 adder skeletons (D:4)
  3 worms
  3 dart slugs
  4 giant geckos
  35 orcs
  3 giant cockroaches
  3 goblins
  7 hobgoblins
  2 jackals (D:2)
  23 kobolds
  4 quokkas
  8 bats
  6 giant newts
  A quokka skeleton (D:9)
  8 rats
  5 plants (Lair:6)
526 creatures vanquished.

Vanquished Creatures (collateral kills)
  A black mamba (Lair:1)
1 creature vanquished.

Vanquished Creatures (others)
  An orc (D:9)
  A bush (Lair:6)
  13 fungi
  6 plants (Lair:6)
21 creatures vanquished.

Grand Total: 548 creatures vanquished

Notes
Turn   | Place    | Note
-------+----------+-------------------------------------------
     0 | D:1      | Gruud the Ogre Assassin began the quest for the Orb.
     0 | D:1      | Reached XP level 1. HP: 22/22 MP: 1/1
    41 | D:1      | Reached skill level 1 in Maces & Flails
   124 | D:1      | Reached XP level 2. HP: 31/31 MP: 2/2
   167 | D:2      | Found a faded altar of an unknown god.
   180 | D:2      | Reached skill level 2 in Maces & Flails
   573 | D:1      | Reached skill level 3 in Maces & Flails
   573 | D:1      | Reached XP level 3. HP: 21/37 MP: 3/3
   793 | D:1      | Reached skill level 1 in Dodging
  1508 | D:2      | Reached XP level 4. HP: 27/48 MP: 4/4
  1788 | D:3      | Reached skill level 4 in Maces & Flails
  1987 | D:3      | Reached XP level 5. HP: 51/54 MP: 5/5
  2164 | D:3      | Found an opulent altar of Gozag.
  2299 | D:3      | Found a sacrificial altar of Ru.
  2519 | D:4      | Reached skill level 5 in Maces & Flails
  2712 | D:5      | Entered Level 5 of the Dungeon
  2757 | D:5      | Noticed an ice beast
  2770 | D:4      | Noticed Duvessa
  2770 | D:4      | Noticed Dowan
  2788 | D:4      | Killed Duvessa
  2788 | D:4      | Reached XP level 6. HP: 46/65 MP: 6/6
  2788 | D:4      | Killed Dowan
  2788 | D:4      | Reached skill level 6 in Maces & Flails
  3141 | D:5      | Reached skill level 5 in Fighting
  3284 | D:5      | Noticed a black bear
  3298 | D:5      | Killed a black bear
  3298 | D:5      | Reached XP level 7. HP: 61/72 MP: 7/7
  3474 | D:5      | Reached skill level 7 in Maces & Flails
  3591 | D:5      | Noticed Grinder
  3593 | D:5      | Paralysed by Grinder for 3 turns
  3599 | D:5      | Paralysed by Grinder for 2 turns
  3605 | D:5      | Killed Grinder
  3605 | D:5      | Reached skill level 8 in Maces & Flails
  3605 | D:5      | Reached XP level 8. HP: 82/83 MP: 8/8
  4295 | D:5      | Reached skill level 9 in Maces & Flails
  4892 | D:6      | Reached skill level 10 in Maces & Flails
  5201 | D:6      | Reached XP level 9. HP: 93/93 MP: 9/9
  5635 | D:8      | Found a burning altar of Makhleb.
  5699 | D:7      | Found a staircase to the Ecumenical Temple.
  5715 | Temple   | Entered the Ecumenical Temple
  5815 | Temple   | Became a worshipper of Uskayaw the Reveler
  5959 | D:7      | Reached * piety under Uskayaw
  5985 | D:7      | Reached skill level 5 in Throwing
  6077 | D:8      | Got an encrusted quarterstaff
  6080 | D:8      | Reached skill level 11 in Maces & Flails
  6197 | D:8      | Reached ** piety under Uskayaw
  6544 | D:8      | Reached *** piety under Uskayaw
  6547 | D:8      | Reached **** piety under Uskayaw
  6573 | D:8      | Noticed a hill giant
  6582 | D:8      | Killed a hill giant
  6582 | D:8      | Reached skill level 12 in Maces & Flails
  6582 | D:8      | Reached XP level 10. HP: 48/106 MP: 10/10
  7006 | D:9      | Found Ruruusar's Antique Weapon Emporium.
  7027 | D:9      | Found Gyliojutz's Distillery.
  7038 | D:9      | Bought a potion of might for 48 gold pieces
  7038 | D:9      | Bought a potion of berserk rage for 60 gold pieces
  7038 | D:9      | Bought a potion of haste for 120 gold pieces
  7038 | D:9      | Bought a potion of resistance for 120 gold pieces
  7120 | D:10     | Entered Level 10 of the Dungeon
  7299 | D:9      | Noticed Erolcha
  7307 | D:9      | Killed Erolcha
  7597 | D:9      | Found Wokoi's Magic Scroll Shoppe.
  7605 | D:9      | Bought a scroll of remove curse for 39 gold pieces
  7607 | D:9      | Identified the +7 quarterstaff "Vufisiut" {crush, *Rage rF+ MR+ Str+4} (You found it on level 8 of the Dungeon)
  7767 | D:9      | Reached skill level 13 in Maces & Flails
  7952 | D:9      | Found a staircase to the Orcish Mines.
  8154 | D:10     | Found a staircase to the Lair.
  8218 | D:12     | Found Reuferph's Gadget Shop.
  8235 | D:12     | Noticed a hill giant
  8329 | D:11     | Noticed a cyan ugly thing
  8340 | D:10     | HP: 5/160 [cyan ugly thing (13)]
  8343 | D:10     | Killed a cyan ugly thing
  8898 | D:10     | Noticed a manticore
  8901 | D:10     | Identified a +1 rod of inaccuracy (12/12) (You found it on level 8 of the Dungeon)
  8918 | D:10     | Killed a manticore
  8918 | D:10     | Reached XP level 11. HP: 87/117 MP: 11/11
  9029 | D:10     | Noticed Gastronok
  9048 | D:10     | Killed Gastronok
  9048 | D:10     | Reached skill level 10 in Fighting
  9048 | D:10     | Reached skill level 14 in Maces & Flails
  9187 | D:10     | Noticed a hill giant
  9201 | D:10     | Killed a hill giant
  9261 | D:10     | Reached skill level 1 in Invocations
  9964 | D:11     | Noticed a hill giant
  9990 | D:11     | Killed a hill giant
  9990 | D:11     | Reached skill level 10 in Throwing
 10054 | D:11     | Found Larioxto's Gadget Emporium.
 10084 | D:11     | Noticed a seven-headed hydra
 10092 | D:11     | Killed a seven-headed hydra
 10092 | D:11     | Reached skill level 15 in Maces & Flails
 10198 | D:11     | Found Jaboupemm's Magic Scroll Boutique.
 10205 | D:11     | Bought a scroll of magic mapping for 38 gold pieces
 10284 | D:12     | Killed a hill giant
 10330 | D:12     | Found Yssohoy's Food Shoppe.
 10366 | Lair:1   | Entered Level 1 of the Lair of Beasts
 10419 | Lair:1   | Reached XP level 12. HP: 104/127 MP: 14/14
 11005 | Lair:1   | Noticed happinesssam's ghost (journeyman HESk)
 11009 | Lair:1   | Killed happinesssam's ghost
 11376 | Lair:1   | Reached skill level 16 in Maces & Flails
 11693 | Lair:2   | Reached skill level 5 in Invocations
 11697 | Lair:2   | Reached ***** piety under Uskayaw
 12395 | Lair:2   | Identified a scroll of acquirement
 12686 | Lair:3   | Reached skill level 17 in Maces & Flails
 12708 | Lair:3   | Found a labyrinth entrance.
 12717 | Lab      | Entered a labyrinth
 13337 | Lab      | Noticed a minotaur
 13351 | Lab      | Killed a minotaur
 13356 | Lab      | Identified the Almanac of Doomed Malediction
 13356 | Lab      | Identified the Volume of Earthen Translocation
 13356 | Lab      | Identified Jiunevu's Handbook of the Voyage and Stones
 13365 | Lab      | Learned a level 2 spell: Blink
 13368 | Lab      | Learned a level 2 spell: Passwall
 13371 | Lab      | Learned a level 1 spell: Apportation
 13379 | Lab      | Learned a level 5 spell: Aura of Abjuration
 13472 | Lair:3   | Reached XP level 13. HP: 67/140 MP: 16/18
 14353 | Lair:4   | Found a staircase to the Shoals.
 14752 | Lair:4   | Found a staircase to the Snake Pit.
 14875 | Lair:5   | Reached skill level 18 in Maces & Flails
 15856 | Lair:6   | Entered Level 6 of the Lair of Beasts
 15946 | Lair:6   | Found a staircase to the Slime Pits.
 16467 | Lair:6   | Reached skill level 19 in Maces & Flails
 17421 | Lair:6   | Reached XP level 14. HP: 76/153 MP: 20/20
 18213 | Lair:6   | Noticed a dire elephant
 18213 | Lair:6   | Noticed a dire elephant
 18219 | Lair:6   | Killed a dire elephant
 18223 | Lair:6   | Killed a dire elephant
 18237 | Lair:6   | Learned a level 1 spell: Summon Butterflies
 18242 | Lair:6   | Identified Odiu's Reference Book on Icy Displacement
 18574 | Lair:6   | Noticed a dire elephant
 18575 | Lair:6   | Noticed a dire elephant
 18598 | Lair:6   | Killed a dire elephant
 18604 | Lair:6   | Killed a dire elephant
 18959 | Lair:6   | Noticed a dire elephant
 18970 | Lair:6   | Killed a dire elephant
 19248 | Lair:6   | Noticed a dire elephant
 19258 | Lair:6   | Killed a dire elephant
 19582 | Orc:1    | Entered Level 1 of the Orcish Mines
 19905 | D:9      | Reached skill level 10 in Invocations
 20046 | Orc:1    | Reached skill level 20 in Maces & Flails
 20229 | D:11     | Bought a scroll of enchant weapon for 82 gold pieces
 20229 | D:11     | Bought a scroll of enchant weapon for 82 gold pieces
 20229 | D:11     | Bought a scroll of enchant weapon for 82 gold pieces
 20232 | D:11     | Bought 2 scrolls of identify for 44 gold pieces
 20232 | D:11     | Bought a scroll of identify for 22 gold pieces
 20235 | D:11     | Bought a scroll of enchant armour for 82 gold pieces
 20256 | D:11     | Found Vaenud's Food Shop.
 20383 | D:11     | Noticed Erica
 20387 | D:11     | Killed Erica
 20697 | D:11     | Found Xotwy's Antique Weapon Shoppe.
 20824 | D:11     | Found Asinn's Gadget Boutique.
 21083 | D:12     | Found Cekyur's Magic Scroll Shoppe.
 21151 | D:9      | Bought a scroll of enchant armour for 97 gold pieces
 21164 | D:9      | Gained mutation: You are somewhat resistant to further mutation. [potion of beneficial mutation]
 21238 | D:12     | Reached skill level 1 in Armour
 21255 | D:12     | Found Uqaj's Food Shop.
 21310 | D:12     | HP: 6/157 [freezing wraith[a death knight] (6)]
 21324 | D:12     | HP: 4/157 [freezing wraith[a death knight] (11)]
 21324 | D:12     | HP: 1/157 [freezing wraith[a death knight] (3)]
 21365 | D:11     | HP: 1/157 [freezing wraith[a death knight] (7)]
 21365 | D:11     | Slain by a freezing wraith

Vault maps used:
D:1:      matt_arrival_diagonals
D:2:      ecumenical_altar_1
D:3:      hangedman_ru_absence, nicolae_gozag_seed_capital
D:4:      uniq_duvessa
D:5:      first_bread, uniq_grinder
D:6:      kennysheep_generic_room_3
D:7:      kennysheep_cross_room
D:8:      hangedman_little_slice_of_home, bloody_makhleb
D:9:      hiddenorc1_lemuel, serial_shops, shop, shop, shop, uniq_erolcha
D:10:     lair_0_dummy, uniq_gastronok
D:11:     serial_shops, shop_coins, shop, kennysheep_little_box, shop,
          shop_statue, uniq_erica
D:12:     serial_shops, shop, shop, nicolae_shop_behind_doors,
          nicolae_shop_trees, shop, nicolae_zen_rock_garden
D:13:     minmay_distorted_concentric_squares, serial_shops,
          nicolae_shop_overgrown_old_shop
Temple:   kilobyte_greek_temple
Lair:3:   lab_entry_generic
Lair:4:   elwin_shoals_entry_rocks, guppyfry_snake_entry_island,
          grunt_megastairs_1
Lair:6:   due_jungle_book, slime_dummy, minmay_lair_oklob_bushes,
          serial_bayou_shore_b
Orc:1:    basic_altar
Lab:      labyrinth_hidden_loot, nicolae_lab_very_dead_end,
          labyrinth_skeletal_remains, nicolae_lab_blocks

Skill      XL: |  1  2  3  4  5  6  7  8  9 10 11 12 13 14 |
---------------+-------------------------------------------+-----
Maces & Flails | 1 3 4 5 6 8 10 12 13 15 17 19 20 | 20.1
Fighting       | 3 4 5 6 7 8 9 10 12 13 14 | 14.3
Dodging        | 1 2 3 4 |  4.5
Throwing       | 3 6 8 10 | 10.3
Invocations    | 3 6 9 10 | 10.3
Armour         | 1 |  1.6
Short Blades   | |  1.2
Stealth        | |  3.2

Action                   |  1- 3 |  4- 6 |  7- 9 | 10-12 | 13-15 || total
-------------------------+-------+-------+-------+-------+-------++-------
Melee: Mace              |   118 |    39 |       |       |       ||   157
       Flail             |       |    60 |   134 |       |       ||   194
       Giant club        |       |       |   135 |    75 |       ||   210
       Whip              |       |       |       |   414 |    62 ||   476
       Giant spiked club |       |       |       |   163 |   437 ||   600
 Fire: Blowgun           |    12 |    41 |    61 |   119 |    80 ||   313
Throw: Large rock        |       |       |    14 |    33 |    16 ||    63
       Tomahawk          |       |       |       |    12 |    56 ||    68
Evoke: Wand              |       |       |     5 |     1 |     6 ||    12
       Rod               |       |       |       |    10 |     8 ||    18
  Use: Scroll            |     2 |     9 |     2 |    15 |    19 ||    47
       Potion            |       |       |     1 |     6 |     9 ||    16
 Stab: Sleeping          |     1 |     1 |     5 |     7 |     2 ||    16
       Paralysed         |       |       |     4 |    30 |    36 ||    70
       Distracted        |       |       |       |       |     1 ||     1
  Eat: Chunk             |     2 |     6 |     4 |    21 |    19 ||    52
       Pizza             |       |       |     1 |     2 |     2 ||     5
       Meat ration       |       |       |     1 |       |       ||     1
       Royal jelly       |       |       |       |     4 |       ||     4
       Beef jerky        |       |       |       |     2 |     1 ||     3
       Bread ration      |       |       |       |       |     1 ||     1
Armor: Robe              |    54 |    34 |    73 |   134 |   130 ||   425
       Skin              |       |       |       |    21 |       ||    21
       Ice dragon armour |       |       |       |       |    13 ||    13
Dodge: Dodged            |    65 |    50 |   121 |   274 |   257 ||   767
